 Dungeon Crawl Stone Soup version 0.31.0-11-ge490571c62 (webtiles) character file.

Game seed: 15883705037379821618

2228 ces the Nimble (level 9, -5/41 HPs)
             Began as a Spriggan Hunter on Jan 29, 2024.
             Was an Initiate of Gozag.
             Slain by a wyvern (13 damage)
             ... on level 7 of the Dungeon.
             The game lasted 00:15:16 (7027 turns).

ces the Nimble (Spriggan Hunter)                    Turns: 7027, Time: 00:15:17

Health: -5/41      AC:  3    Str:  7    XL:     9   Next: 14%
Magic:  10/10      EV: 30    Int: 10    God:    Gozag
Gold:   255        SH:  0    Dex: 29    Spells: 8/8 levels left

rFire   . . .        a - +0 shortbow
rCold   . . .        (shield currently unavailable)
rNeg    . . .        c - +1 robe
rPois   .            (helmet restricted)
rElec   .            (no cloak)
rCorr   .            (gloves unavailable)
SInv    +            (boots unavailable)
Will    +....        (no amulet)
Stlth   +++          d - +6 ring of dexterity
HPRegen 0.26/turn    (no ring)
MPRegen 0.12/turn

%: no passive effects
@: very quick
A: very small, no large weapons, unfitting armour, see invisible, speed 3,
persistent drain
a: Renounce Religion, Potion Petition, Call Merchant, Bribe Branch


You were on level 7 of the Dungeon.
You worshipped Gozag.
Gozag was aware of your devotion.
You visited 2 branches of the dungeon, and saw 8 of its levels.

You collected 356 gold pieces.
You paid 101 gold pieces to Gozag.

Inventory:

Hand Weapons
 a - a +0 shortbow (weapon)
Missiles
 e - 2 throwing nets (quivered)
Armour
 c - a +1 robe (worn)
Jewellery
 d - a +6 ring of dexterity (left hand)
Wands
 b - a wand of roots (10)
 s - a wand of flame (23)
Scrolls
 f - a scroll of vulnerability
 g - 2 scrolls of immolation
 j - a scroll of amnesia
 r - a scroll of teleportation
Potions
 h - 2 potions of attraction
 i - a potion of invisibility {unknown}
 l - a potion of might
 q - a potion of enlightenment


   Skills:
 - Level 1.5 Fighting
 * Level 10.3 Ranged Weapons
 + Level 10.4 Dodging
 - Level 1.5 Stealth


You had 8 spell levels left.
You didn't know any spells.
Your spell library contained the following spells:

 Spells                   Type           Power      Damage    Failure   Level
 Apportation              Tloc           0%         N/A       36%         1
 Kiss of Death            Conj/Necr      0%         2d5       36%         1
 Necrotise                Necr           0%         1d4       36%         1
 Sting                    Conj/Alch      0%         1d3       36%         1
 Summon Small Mammal      Summ           0%         N/A       36%         1
 Ensorcelled Hibernation  Hex/Ice        0%         N/A       50%         2
 Confusing Touch          Hex            0%         N/A       75%         3
 Fugue of the Fallen      Necr           0%         N/A       75%         3
 Anguish                  Hex/Necr       0%         N/A       98%         4
 Dispel Undead            Necr           0%         3d6       98%         4


Dungeon Overview and Level Annotations

Branches:
Dungeon (7/15)             Temple (1/1) D:7

Altars:
Ashenzari
Cheibriados
Dithmenos
Elyvilon
Fedhas
Gozag
Hepliaklqana
Kikubaaqudgha
Makhleb
Nemelex Xobeh
Qazlal
Ru
Sif Muna
Trog
Vehumet
Wu Jian
Xom
Yredelemnul
Zin
The Shining One

Shops:
D:5 *

Annotations:
D:2 Pargi
D:3 1 runed translucent door, Crazy Yiuf
D:4 3 runed translucent doors, unrecovered's ghost, amateur FoFi
D:5 1 runed translucent door


Innate Abilities, Weirdness & Mutations

You are very small and have problems with some larger weapons.
You are too small for most types of armour.
You have supernaturally acute eyesight. (SInv)
You cover ground extremely quickly. (Speed+++)
Your health recovers twice as slowly from being drained.


Message History

HP restored.
You start waiting.
Done waiting.
Okay, then.
i - an orange potion A howler monkey zombie comes into view.
There are monsters nearby!
There are monsters nearby!
You shoot an arrow.
The arrow hits the howler monkey zombie.
The howler monkey zombie is lightly damaged.
You start waiting.
A hornet zombie is nearby!
You shoot an arrow.
The arrow completely misses the hornet zombie.
You shoot an arrow. The arrow hits the hornet zombie!
The hornet zombie is moderately damaged.
No target in view!
You shoot an arrow. The arrow hits the hornet zombie!
The hornet zombie is heavily damaged.
You shoot an arrow. The arrow hits the hornet zombie.
The hornet zombie is heavily damaged.
You shoot an arrow. The arrow hits the hornet zombie.
The hornet zombie is severely damaged.
A wyvern comes into view.
You shoot an arrow. The wyvern hisses angrily.
The arrow hits the hornet zombie but does no damage.
The hornet zombie is severely damaged.
You shoot an arrow.
The arrow completely misses the hornet zombie.
The wyvern bites you! The hornet zombie misses you.
You shoot an arrow.
The arrow barely misses the hornet zombie.
The wyvern bites you!
* * * LOW HITPOINT WARNING * * *
The hornet zombie completely misses you.
The wyvern bites you!
You die...
Your body crumbles into a pile of gold.

### ### * * .#.. #.. ,
, ...Z #.# ####
*##.#.. #.# #.. ..#
#.Z... #.# #k# * #.#
#.Z... #.# #@# #.#
#.#... #.# #Z# #.#
#.#... #.# #.# #.#
#.#.#. #.# #.# #.#
#.#.#. #.# #.#
#.####.#.#. #.#
#.######....Z.....
#.###.....Z.........#.
#.#.....#########.###.
#.............# #.# #.


You could see a wyvern and a hornet zombie.

Vanquished Creatures
  Prince Ribbit (D:6)
  Edmund (D:6)
  An orc warrior (D:7)
  A sky beast (D:7)
  A hornet zombie (D:7)
  2 ice beasts (D:5)
  2 ogres
  A bullfrog (D:6)
  4 scorpions
  2 wights (D:7)
  A howler monkey (D:4)
  A bullfrog zombie (D:7)
  A centaur zombie (D:7)
  3 orc priests
  A gnoll bouda (D:5)
  3 hounds
  2 jellies
  2 iguanas
  2 sleepcaps
  2 orc wizards
  Terence (D:3)
  3 killer bee zombies (D:7)
  Robin (D:3)
  7 gnolls (D:5)
  6 adders
  4 white imps
  2 dart slugs
  2 ribbon worms
  22 orcs
  5 bats
  7 endoplasms
  A giant cockroach (D:3)
  13 goblins
  7 hobgoblins (D:3)
  2 quokkas
  A training dummy (D:6)
  6 ball pythons
  2 frilled lizards
  A goblin skeleton (D:4)
  3 goblin zombies
  A hobgoblin zombie (D:4)
  2 kobolds (D:1)
  2 kobold skeletons (D:4)
  2 kobold zombies
  5 rats
142 creatures vanquished.

Notes
Turn   | Place    | Note
-------+----------+-------------------------------------------
     0 | D:1      | ces the Spriggan Hunter began the quest for the Orb.
     0 | D:1      | Reached XP level 1. HP: 10/10 MP: 2/2
   281 | D:1      | Reached XP level 2. HP: 14/14 MP: 3/3
  1159 | D:2      | Reached skill level 5 in Ranged Weapons
  1159 | D:2      | Reached XP level 3. HP: 15/18 MP: 4/4
  1462 | D:3      | Noticed Pargi
  1463 | D:3      | Noticed Terence
  1680 | D:2      | Gained mutation: Your system is resistant to poisons.
                  | (rPois) [potion of mutation]
  1680 | D:2      | Gained mutation: You passively map a small area around you.
                  | [potion of mutation]
  1923 | D:3      | Found a runed translucent door.
  1924 | D:3      | Noticed Crazy Yiuf
  2018 | D:3      | Noticed Robin
  2059 | D:3      | Reached XP level 4. HP: 22/22 MP: 5/5
  2099 | D:3      | Killed Robin
  2184 | D:3      | Killed Terence
  2467 | D:3      | Reached XP level 5. HP: 14/25 MP: 6/6
  3144 | D:4      | Found a glowing golden altar of the Shining One.
  3393 | D:4      | Found a runed translucent gate.
  3394 | D:4      | Found a runed translucent gate.
  3395 | D:4      | Found a runed translucent gate.
  3397 | D:4      | Noticed unrecovered's ghost (amateur FoFi)
  3504 | D:4      | Reached skill level 5 in Dodging
  3530 | D:4      | Reached XP level 6. HP: 27/30 MP: 7/7
  3798 | D:5      | Entered Level 5 of the Dungeon
  3938 | D:5      | Noticed a human
  3942 | D:5      | Found a runed translucent door.
  3947 | D:5      | Found a basalt altar of Yredelemnul.
  4019 | D:5      | Reached XP level 7. HP: 33/33 MP: 8/8
  4488 | D:5      | Found Vam Hoeno's General Store.
  4765 | D:5      | Reached XP level 8. HP: 31/37 MP: 9/9
  5030 | D:6      | Found a sacrificial altar of Ru.
  5050 | D:6      | Noticed Edmund
  5098 | D:6      | Killed Edmund
  5423 | D:6      | Noticed Prince Ribbit
  5439 | D:6      | Killed Prince Ribbit
  5986 | D:7      | Found a staircase to the Ecumenical Temple.
  6072 | D:7      | Reached skill level 10 in Dodging
  6275 | D:7      | Found a sparkling altar of Nemelex Xobeh.
  6512 | D:7      | Reached skill level 10 in Ranged Weapons
  6512 | D:7      | Reached XP level 9. HP: 29/41 MP: 10/10
  6525 | Temple   | Entered the Ecumenical Temple
  6543 | Temple   | Became a worshipper of Gozag Ym Sagoz the Greedy
  6747 | D:7      | Lost mutation: You passively map a small area around you.
                  | [potion of mutation]
  6747 | D:7      | Lost mutation: Your system is resistant to poisons. (rPois)
                  | [potion of mutation]
  6747 | D:7      | Gained mutation: You do not regenerate when monsters are
                  | visible. [potion of mutation]
  6747 | D:7      | Gained mutation: Your health recovers twice as slowly from
                  | being drained. [potion of mutation]
  6747 | D:7      | Lost mutation: You do not regenerate when monsters are
                  | visible. [potion of mutation]
  7027 | D:7      | Slain by a wyvern

Illustrated notes

Levels and vault maps discovered:
D:1:      lemuel_arrival_cross, layout_basic, minmay_tetromino_l4
D:2:      layout_basic, kennysheep_generic_room_2
D:3:      layout_loops_ring, uniq_robin, uniq_terence, uniq_pargi,
          uniq_crazy_yiuf_cottage
D:4:      layout_basic, nicolae_tso_besieged_by_evil,
          biasface_ghost_orc_armoury, small_statue_intersection,
          hangedman_minor_gate_pass
D:5:      layout_loops_ring, dk_yredelemnul_ordeal, minmay_fountain_box,
          nicolae_stop_n_shop_2
D:6:      dreamdust_elfheim, layout_cave_pods,
          mainiacjoe_overflow_six_doors_small, minivault_22,
          uniq_prince_ribbit1, uniq_edmund
D:7:      layout_basic, mainiacjoe_overflow_boulevard,
          minmay_temple_entry_statues_pillars, serial_undead, serial_undead_a,
          serial_undead_e, serial_undead_a, serial_undead_a,
          minmay_misc_feat_roman, chequers_serial_rivers_room_a
Temple:   compressed_dpeg_triangle_lava_temple

Skill      XL: |  1  2  3  4  5  6  7  8 |
---------------+-------------------------+-----
Ranged Weapons | 5 6 7 8 10 | 10.3
Dodging        | 3 4 5 6 8 10 | 10.4
Fighting       | |  1.5
Stealth        | |  1.5

Action                     |  1- 3 |  4- 6 |  7- 9 || total
---------------------------+-------+-------+-------++-------
   Fire: Shortbow          |   122 |   176 |   345 ||   643
  Evoke: Wand              |       |       |     2 ||     2
    Use: Scroll            |     2 |     2 |    10 ||    14
         Potion            |     1 |       |    12 ||    13
 Armour: Robe              |    15 |    11 |    37 ||    63
         Skin              |       |       |     9 ||     9
  Dodge: Dodged            |    28 |    48 |   151 ||   227
